 Dungeon Crawl Stone Soup version 0.20-a0-1017-gc3250ce (webtiles) character file.

211 4thArraOfDagon the Firebug (level 5, -1/31 HPs)
             Began as a Barachi Fire Elementalist on Apr 16, 2017.
             Was an Initiate of Qazlal.
             Succumbed to an orc wizard's poison
             ... on level 3 of the Dungeon.
             The game lasted 00:07:19 (1186 turns).

4thArraOfDagon the Firebug (BaFE)                   Turns: 1186, Time: 00:07:20

Health: -1/31      AC:  1    Str:  8 (11) XL:     5   Next: 88%
Magic:  0/10       EV: 12    Int: 15 (17) God:    Qazlal [......]
Gold:   15         SH:  0    Dex: 11 (12) Spells: 1/10 levels left

rFire    + . .     SeeInvis .   f - +0 long sword
rCold    + + .     Gourm    .   (no shield)
rNeg     . . .     Faith    .   a - +0 robe
rPois    +         Spirit   .   (no helmet)
rElec    +         Reflect  .   (no cloak)
rCorr    +         Harm     .   (no gloves)
MR       .....                  (no boots)
Stlth    +++.......             (no amulet)
Regen    0.5/turn               (no ring)
MPRegen  0.2/turn               (no ring)

@: lethally poisoned (-1 -> -11), resistant, very slightly contaminated, slow
A: +LOS, swims, camouflage 1, cold resistance 1, deformed body, frail 1,
regeneration 1, slowness 1, strong 1, evolution 1, strong legs 1
a: Hop, Renounce Religion


You were on level 3 of the Dungeon.
You worshipped Qazlal.
Qazlal was noncommittal.
You were not hungry.

You visited 1 branch of the dungeon, and saw 5 of its levels.

You collected 77 gold pieces.
You spent 62 gold pieces at shops.

Inventory:

Hand Weapons
 d - a +0 hand axe
 f - a +0 long sword (weapon)
 h - a +0 war axe
 j - a +1 hand axe of distortion
 k - a +0 battleaxe
 s - a +0 rapier
Armour
 a - a +0 robe (worn)
Scrolls
 e - a scroll of remove curse
 g - 2 scrolls of blinking
 m - 3 scrolls of immolation
 n - a scroll of noise {unknown}
 o - a scroll of identify
 p - a scroll of enchant armour {unknown}
 t - a scroll of fear {unknown}
Books
 b - a book of Flames

   Spells                             Type                      Level
   a - Flame Tongue                   Conjuration/Fire             1
   b - Throw Flame                    Conjuration/Fire             2
   c - Conjure Flame                  Conjuration/Fire             3
   d - Inner Flame                    Hexes/Fire                   3
   e - Sticky Flame                   Conjuration/Fire             4
   f - Fireball                       Conjuration/Fire             5
 q - a book of Cantrips

   Spells                             Type                      Level
   a - Confusing Touch                Hexes                        1
   b - Animate Skeleton               Necromancy                   1
   c - Summon Small Mammal            Summoning                    1
   d - Apportation                    Translocation                1
Comestibles
 c - 2 bread rations
 i - a chunk of flesh
 r - a meat ration


   Skills:
 - Level 2.1 Dodging
 - Level 1.7 Stealth
 + Level 3.3 Spellcasting
 * Level 4.1 Conjurations
 * Level 4.8 Fire Magic


You had one spell level left.
You knew the following spells:

 Your Spells              Type           Power        Failure   Level  Hunger
a - Flame Tongue          Conj/Fire      ###..        3%          1    None
b - Conjure Flame         Conj/Fire      ###.....     12%         3    ###....
c - Sticky Flame          Conj/Fire      ###.....     34%         4    ####...
d - Apportation           Tloc           #.....       21%         1    None


Dungeon Overview and Level Annotations

Branches:
Dungeon (5/15)
 Temple: D:4-7

Altars:
Qazlal
Trog

Shops:
D:5 *

Annotations:
D:3 4thArraOfDagon's ghost, weakling BaFE
D:4 Sigmund


Innate Abilities, Weirdness & Mutations

Shadows flee at your approach. (+LOS)
You can swim through water.
You cover ground slowly.
You can hop short distances.
Your skin changes colour to match your surroundings (Stealth+).
Your flesh is cold resistant. (rC+)
Armour fits poorly on your strangely shaped body.
You are frail. (-10% HP)
Your natural rate of healing is unusually fast.
Your muscles are strong. (Str +2)
You evolve.


Message History

Okay, then.
Okay, then.
Unknown command.
Blink to where?
Press: ? - help, Dir - move target cursor, p - orc wizard You are very lightly contaminated with residual magic.
As you read the scroll of blinking, it crumbles to dust.
* * * LOW HITPOINT WARNING * * *
You feel sick.
Unknown command.
Unknown command.
It was a potion of resistance.
You feel protected.
* * * LOW HITPOINT WARNING * * *
You feel sick.
Unknown command.
It was a potion of degeneration.
There was something very wrong with that liquid.
You feel weakened.
You feel dopey.
You feel clumsy.
You die...

####.# .....
.....#####.....
.##...#......
.##........#
...........#
...........#
...........#
..........###.######
..?....o..###...@..#
........or.....###..#
........g>.##.## .#
#..##.##.##...# ..
##.......#..### ..
##..#.###. # ..#
#..... # .# #.... #
.....


You could see an orc wizard, a quokka and a goblin.

Vanquished Creatures
  A crimson imp (D:5)
  A hound (D:5)
  An iguana (D:5)
  A hound skeleton (D:3)
  8 adders
  2 oozes (D:3)
  An adder zombie (D:5)
  An orc (D:3)
  A giant cockroach (D:3)
  5 hobgoblins
  2 kobolds
  2 quokkas
  3 bats
  A quokka zombie (D:5)
  3 rats (D:2)
33 creatures vanquished.

Notes
Turn   | Place    | Note
-------+----------+-------------------------------------------
     0 | D:1      | 4thArraOfDagon the Barachi Fire Elementalist began the quest for the Orb.
     0 | D:1      | Reached XP level 1. HP: 13/13 MP: 3/3
    63 | D:2      | Reached XP level 2. HP: 4/19 MP: 0/5
   149 | D:2      | Gained mutation: You are frail. (-10% HP) [potion of mutation]
   149 | D:2      | Gained mutation: Your natural rate of healing is unusually fast. [potion of mutation]
   149 | D:2      | Gained mutation: Your skin changes colour to match your surroundings (Stealth+). [potion of mutation]
   172 | D:2      | Reached XP level 3. HP: 21/21 MP: 0/6
   227 | D:2      | Learned a level 3 spell: Conjure Flame
   375 | D:3      | Noticed 4thArraOfDagon's ghost (weakling BaFE)
   430 | D:2      | Gained mutation: Your flesh is cold resistant. (rC+) [mutagenic glow]
   474 | D:2      | Gained mutation: You evolve. [mutagenic glow]
   498 | D:2      | Reached XP level 4. HP: 18/27 MP: 1/7
   537 | D:2      | Gained mutation: Armour fits poorly on your strangely shaped body. [mutagenic glow]
   604 | D:3      | Learned a level 4 spell: Sticky Flame
   631 | D:3      | Found a bloodstained altar of Trog.
   657 | D:3      | HP: 1/27 [poisoned by an orc wizard]
   812 | D:4      | Noticed Sigmund
   822 | D:4      | Gained mutation: Your muscles are strong. (Str +2) [evolution]
   849 | D:5      | Entered Level 5 of the Dungeon
   856 | D:5      | Reached XP level 5. HP: 26/31 MP: 9/9
   937 | D:5      | Found a stormy altar of Qazlal.
   937 | D:5      | Noticed an air elemental
   938 | D:5      | Noticed a water elemental
   938 | D:5      | Noticed a fire elemental
   945 | D:5      | Became a worshipper of Qazlal Stormbringer
   970 | D:5      | Learned a level 1 spell: Apportation
  1107 | D:5      | Found Nedamum's Assorted Antiques.
  1120 | D:5      | Bought a scroll labeled IZIDIP TOIGRUL for 33 gold pieces
  1120 | D:5      | Bought a sedimented yellow potion for 29 gold pieces
  1185 | D:3      | HP: 1/31 [poisoned by an orc wizard]
  1186 | D:3      | Succumbed to an orc wizard's poison

Vault maps used:
D:1:      dpeg_arrival_rooms_c, hangedman_decor_push
D:2:      serial_glass, glass_columns_b, glass_columns_b, glass_columns_a,
          glass_columns_a, glass_columns_b, glass_columns_a, first_bread
D:3:      evilmike_ruin_ashenzari, gammafunk_temple_overflow_forgotten,
          nemelex_dance_club_becter, uniq_natasha
D:4:      uniq_sigmund, uniq_eustachio
D:5:      serial_shops, nicolae_shop_competitors_out_of_business, shop, shop,
          shop, shop, nicolae_qazlal_style_of_elements

Skill      XL: |  1  2  3  4  5 |
---------------+----------------+-----
Conjurations   | 2 3 4 |  4.1
Fire Magic     | 4 |  4.8
Spellcasting   | 3 |  3.3
Dodging        | |  2.1
Stealth        | |  1.7

Action                   |  1- 3 |  4- 6 || total
-------------------------+-------+-------++-------
Melee: Hand axe          |    14 |       ||    14
       Battleaxe         |    16 |    18 ||    34
       Long sword        |       |    30 ||    30
 Cast: Flame Tongue      |    28 |    26 ||    54
       Sticky Flame      |       |     4 ||     4
 Abil: Hop               |     1 |     1 ||     2
  Use: Scroll            |     1 |     4 ||     5
       Potion            |     2 |     2 ||     4
 Stab: Sleeping          |     1 |     1 ||     2
  Eat: Fruit             |       |     2 ||     2
       Royal jelly       |       |     1 ||     1
Armor: Robe              |     4 |     7 ||    11
       Skin              |    29 |       ||    29
Dodge: Dodged            |    30 |    58 ||    88
       Rpst.: Long sword |       |    13 ||    13
